 Dungeon Crawl Stone Soup version 0.31-a0-799-g6bc09d010c (webtiles) character file.

Game seed: 9224746826358261253

307 Bravepunisher the Ducker (level 6, 0/35 HPs)
             Began as a Spriggan Monk on Sept 19, 2023.
             Slain by a wight
             ... wielding a +0 spear
              (7 damage)
             ... on level 7 of the Dungeon.
             The game lasted 00:04:52 (1507 turns).

Bravepunisher the Ducker (Spriggan Monk)            Turns: 1507, Time: 00:04:53

Health: 0/35       AC:  2    Str:  7    XL:     6   Next: 16%
Magic:  7/7        EV: 26    Int: 12    God:
Gold:   40         SH:  0    Dex: 19    Spells: 5/5 levels left

rFire   . . .        a - +0 short sword
rCold   . . .        d - orb {light}
rNeg    . . .        b - +0 robe
rPois   .            (helmet restricted)
rElec   .            (no cloak)
rCorr   .            (gloves unavailable)
SInv    +            (boots unavailable)
Will    +....        (no amulet)
Stlth   +            h - +5 ring of evasion
HPRegen 0.25/turn    (no ring)
MPRegen 0.10/turn

%: no passive effects
@: glowing, very quick
A: very small, no large weapons, unfitting armour, see invisible, speed 3
a: no special abilities


You were on level 7 of the Dungeon.
You visited 1 branch of the dungeon, and saw 7 of its levels.

You collected 40 gold pieces.

Inventory:

Hand Weapons
 a - a +0 short sword (weapon)
Missiles
 l - 2 throwing nets
Armour
 b - a +0 robe (worn)
 d - an orb of light (worn)
Jewellery
 h - a +5 ring of evasion (left hand)
Wands
 c - a wand of flame (24)
Scrolls
 e - a scroll of teleportation {unknown}
 f - 2 scrolls of identify {unknown}
 g - a scroll of revelation
Potions
 k - a potion of heal wounds {unknown}


   Skills:
 * Level 4.9 Fighting
 - Level 3.2 Short Blades
 + Level 6.2 Dodging


You had 5 spell levels left.
You didn't know any spells.
Your spell library was empty.

Dungeon Overview and Level Annotations

Branches:
Dungeon (7/15)
 Temple: D:4-7

Altars:
Ashenzari
Nemelex Xobeh
The Shining One


Innate Abilities, Weirdness & Mutations

You are very small and have problems with some larger weapons.
You are too small for most types of armour.
You have supernaturally acute eyesight. (SInv)
You cover ground extremely quickly. (Speed+++)


Message History

The shadow imp closely misses you.
Found a book of Winter and 10 gold pieces.
A shadow imp comes into view.
The shadow imp shouts, "Run away, thou infectious hasty-witted flirt-gill!"
The shadow imp gestures at you. You resist with significant effort.
Found 6 stones.
The shadow imp gestures at you. You resist with significant effort.
The shadow imp gestures at you. You resist with significant effort.
A centaur comes into view.
The centaur shouts!
The centaur wields a +0 orcbow.
The centaur shoots an arrow.
The arrow completely misses you.
A centaur comes into view.
The centaur shouts!
The centaur wields a +0 shortbow.
The centaur shoots an arrow.
The arrow completely misses you.
The centaur shoots an arrow.
The arrow misses you.
The centaur shoots an arrow.
The arrow completely misses you.
The centaur shoots an arrow.
The arrow barely misses you.
The centaur shoots an arrow.
The arrow hits you!
A wight comes into view. It is wielding a +0 spear.
A wight comes into view. It is wielding a +2 short sword.
A water moccasin comes into view.
The centaur shoots an arrow.
The arrow completely misses you.
The centaur shoots an arrow.
The arrow barely misses you.
The centaur shoots an arrow.
The arrow completely misses you.
The centaur shoots an arrow.
The arrow completely misses you.
A wight comes into view. It is wielding a +2 dagger of freezing.
The water moccasin hisses angrily.
The centaur shoots an arrow.
The arrow hits you!
The centaur shoots an arrow.
The arrow hits you!
* * * LOW HITPOINT WARNING * * *
The centaur shoots an arrow.
The arrow barely misses you.
A bullfrog comes into view.
The bullfrog croaks.
The wight hits you with a +0 spear!
You die...

#######.##≈~≈~≈...≈~≈~≈
....#
#.##≈~≈≈~cc.≈~≈~≈#
....#
#.##≈≈~≈≈≈≈~≈~≈~≈.
....#
#.##~≈≈~~~~≈≈~≈~≈.
....#
#.##≈~≈≈≈S≈≈~≈≈~≈.
....#
#...≈≈~~~~~~≈≈~≈≈.
....#
#..#~≈≈≈≈≈≈≈≈~≈≈~#
....#
#.........zz......
...(# ##########@...###
....+ #.F.....z..#
....# #.####.#...#
....# .. .#.# ....# #..
...# #+### ### .### .8
..


You could see a water moccasin, a bullfrog, 2 centaurs and 3 wights.

Vanquished Creatures
  A black bear (D:5)
  A bullfrog (D:5)
  A scorpion (D:5)
  2 orc wizards (D:5)
  An adder (D:4)
  A white imp (D:5)
  An ufetubus (D:5)
  5 orcs (D:5)
  2 giant cockroaches
  2 goblins (D:2)
  2 hobgoblins
  A quokka (D:4)
  3 ball pythons
23 creatures vanquished.

Notes
Turn   | Place    | Note
-------+----------+-------------------------------------------
     0 | D:1      | Bravepunisher the Spriggan Monk began the quest for the
                  | Orb.
     0 | D:1      | Reached XP level 1. HP: 11/11 MP: 2/2
   390 | D:3      | Noticed an orc wizard
   495 | D:4      | Reached XP level 2. HP: 16/16 MP: 3/3
   671 | D:4      | Noticed a bullfrog
   694 | D:5      | Entered Level 5 of the Dungeon
   706 | D:5      | Found a broken altar of Ashenzari.
   709 | D:5      | Noticed an ice beast
   764 | D:5      | Noticed a black bear
   776 | D:5      | Killed a bullfrog
   777 | D:5      | Reached skill level 5 in Dodging
   777 | D:5      | Reached XP level 3. HP: 14/21 MP: 4/4
   777 | D:5      | Reached XP level 4. HP: 17/25 MP: 5/5
   779 | D:5      | Killed a black bear
   780 | D:5      | Reached XP level 5. HP: 18/29 MP: 6/6
   963 | D:5      | Noticed a phantom
  1105 | D:5      | Found a glowing golden altar of the Shining One.
  1105 | D:5      | Found a sparkling altar of Nemelex Xobeh.
  1205 | D:5      | Reached skill level 6 in Dodging
  1205 | D:5      | Reached XP level 6. HP: 13/35 MP: 7/7
  1503 | D:7      | Noticed a water moccasin
  1507 | D:7      | Slain by a wight

Illustrated notes

Levels and vault maps discovered:
D:1:      kennysheep_arrival_seaside, layout_loops_cross
D:2:      layout_loops_corners, basic_ecumenical_altar
D:3:      layout_rooms, kennysheep_generic_room_16
D:4:      layout_loops_ring, minmay_temple_entry_offerings,
          grunt_decor_arrowhead, chequers_serial_rivers_large_a,
          grunt_ministairs_5
D:5:      minmay_angry_zag, layout_basic, nicolae_overflow_hidden_temple
D:6:      layout_rooms, amcnicky_mini_rare_corridor_liquid
D:7:      nicolae_whirlpool, layout_basic, st_stairs_6,
          chequers_serial_rivers_room_a, lemuel_flamethrower_1

Skill      XL: |  1  2  3  4  5 |
---------------+----------------+-----
Fighting       | 3 4 |  4.9
Dodging        | 5 6 |  6.2
Short Blades   | |  3.2

Action                     |  1- 3 |  4- 6 || total
---------------------------+-------+-------++-------
  Melee: Short sword       |    60 |    96 ||   156
    Use: Potion            |     4 |     2 ||     6
         Scroll            |     1 |     2 ||     3
 Armour: Robe              |    25 |    23 ||    48
  Dodge: Dodged            |    74 |    88 ||   162

Table legend: (Time is in decaauts)
 A = Elapsed time spent in this place.
 B = Non-inter-level travel time spent in this place.
 C = Inter-level travel time spent in this place.
 D = Time resting spent in this place.
 E = Time spent auto-exploring this place.
 F = Levels seen in this place.
 G = Mean time per level.
                   A        B        C        D        E       F      G
               +--------+--------+--------+--------+--------+-----+--------+
         Total |   1039 |   1030 |      9 |      9 |    545 |   7 |  148.4 |
       Dungeon |   1039 |   1030 |      9 |      9 |    545 |   7 |  148.4 |
               +--------+--------+--------+--------+--------+-----+--------+

Top non-repeatable levels by time:
     D:5: 382 daAuts
     D:4: 192 daAuts
     D:2: 191 daAuts
     D:6: 153 daAuts
     D:1: 73 daAuts
     D:7: 29 daAuts
     D:3: 16 daAuts
